 Dungeon Sprint DCSS version 0.14-a0-2542-g51e44bb (webtiles) character file.

3291 Kae the Unseen (level 9, -4/39 HPs)
             Began as a Spriggan Enchanter on Feb 10, 2014.
             Slain by a trapdoor spider (15 damage)
             ... in the Dungeon (Sprint I: "Red Sonja").
             The game lasted 00:02:42 (565 turns).

Kae the Unseen (Spriggan Enchanter)                  Turns: 565, Time: 00:02:43

HP  -4/39        AC  0     Str  7      XL: 9   Next: 39%
MP   8/30        EV 27     Int 16      God:
Gold 569         SH  0     Dex 17      Spells:  4 memorised, 16 levels left

rFire  . . .     SeeInvis +     a - +1,+0 dagger
rCold  + . .     Clarity  .     b - +1 robe
rNeg   . . .     Conserve .     (shield restricted)
rPois  .         rCorr    .     (helmet restricted)
rElec  +         rRot     .     o - -4 cloak "Areucott" {rElec rC+}
SustAb . .       Spirit   .     (gloves unavailable)
rMut   .         Warding  .     (boots unavailable)
Saprov . . .     NoTele   +     (no amulet)
MR     +....                    (no ring)
                                (no ring)

@: very quick, somewhat resistant to hostile enchantments, extraordinarily
stealthy
A: unfitting armour, see invisible, herbivore 3, speed 3, slow metabolism 2
a: no special abilities


You were in the Dungeon.
You were not hungry.

You visited 1 branch You collected 677 gold pieces.
You spent 108 gold pieces at shops.

Inventory:

Hand weapons
 a - a +1,+0 dagger (weapon)
Missiles
 d - 12 darts (quivered)
Armour
 b - a +1 robe (worn)
 o - the cursed -4 cloak "Areucott" (worn) {rElec rC+}
   (You bought it in a shop in the Dungeon)

   It protects you from cold.
   It insulates you from electricity.
   It has a curse placed upon it.
Magical devices
 l - a wand of polymorph (6)
 m - a wand of slowing (11) {unknown}
Comestibles
 p - a choko
Scrolls
 k - a scroll of blinking
 n - a scroll of identify {unknown}
 q - a scroll of fog {unknown}
Potions
 e - a potion of porridge
 f - 2 potions of curing
 g - 2 potions of heal wounds
 h - a potion of speed
 i - 2 potions of magic
 j - a potion of berserk rage
Books
 c - a book of Maledictions

   Spells                             Type                      Level
   *Corona                            Hexes                        1
   Sure Blade                         Hexes/Charms                 2
   *Ensorcelled Hibernation           Hexes/Ice                    2
   *Confuse                           Hexes                        3
   Enslavement                        Hexes                        4
   *Invisibility                      Hexes                        6


   Skills:
 * Level 12.8 Short Blades
 - Level 1.1 Throwing
 + Level 11.7 Dodging
 * Level 17.4 Stealth
 + Level 10.0 Spellcasting
 + Level 10.3 Hexes


You had 16 spell levels left.
You knew the following spells:

 Your Spells              Type           Power        Failure   Level  Hunger
a - Corona                Hex            #####..      1%          1    None
b - Ensorcelled Hibernat  Hex/Ice        ###...       1%          2    None
c - Confuse               Hex            #####...     1%          3    None
d - Invisibility          Hex            #####...     24%         6    ######.


Dungeon Overview and Level Annotations

Branches:
Dungeon (1/1)

Altars:
Elyvilon
Okawaru
Sif Muna
Yredelemnul
The Shining One

Shops:
D [/[


Innate Abilities, Weirdness & Mutations

You are tiny and cannot use many weapons and most armour.
You have supernaturally acute eyesight.
You are a herbivore.
You cover ground extremely quickly.
You need consume almost no food.


Message History

Confirm with . or Enter, or press ? or * to list all spells.
Aiming: Ensorcelled Hibernation
Press: ? - help, Shift-Dir - straight line, f/p - trapdoor spider
Aim: a trapdoor spider (clinging)
The trapdoor spider is unaffected.
The trapdoor spider completely misses you.
Casting: Ensorcelled Hibernation
Confirm with . or Enter, or press ? or * to list all spells.
Aiming: Ensorcelled Hibernation
Press: ? - help, Shift-Dir - straight line, f/p - trapdoor spider
Aim: a trapdoor spider (clinging)
The trapdoor spider is unaffected.
The trapdoor spider barely misses you.
The trapdoor spider completely misses you.
Casting: Ensorcelled Hibernation
Confirm with . or Enter, or press ? or * to list all spells.
Aiming: Ensorcelled Hibernation
Press: ? - help, Shift-Dir - straight line, f/p - trapdoor spider
Aim: a trapdoor spider (purple smoke, clinging)
The trapdoor spider is unaffected.
The trapdoor spider bites you!
You die...

'..#..+,,+,,*,,,**+*,****, ,,,* ,
#####'#__####,,,+,,*,*,***,,,****
#...#.####..####*,,+,*+*,***+*,,,
#..##.#§§§.§#§§#*+****,,,*,*,**,,
##'#..+§§§§§'§§#,,,,,*,,,***,,***
.'.)._#§§§§§#§§#,,,,,+, ,,,* ,*,*
##_.#+##§#####'###,,,*,,,,,* ,***
###'#,#(..[###.'.#,,,***++**,** ,
###(####'###.###@#,,***,,***, *+*
.'...'.....'(∩##s#,,****,,***,,,*
##...###########§# +*,,*,,*,***,*
*##.##*,,,,,,,*#.#*,*, , ,,,,,*,*
*,#+#,*,,,,,,,,+$#***,,,,,,,,,*,*
*,,,,,*+++*****#§#,,+ ,,,,,****+*
*,,,,,*,,,,,,,,#§#* **,,,***,,,,*
*******,,,,,,,*+§#,,,*****,,,****
**,, ,,,,,,,,≈**** ,,, ,,, **,,,


You could see a trapdoor spider.

Vanquished Creatures
  2 centaur warriors (D)
  A deep troll (D)
  An oklob plant (D)
  Sonja (D)
  An elephant slug (D)
  A yellow wasp (D)
  An ogre (D)
  Sigmund (D)
  A jelly (D)
  Ijyb (D)
11 creatures vanquished.

Notes
Turn   | Place    | Note
--------------------------------------------------------------
     0 | D        | Kae, the Spriggan Enchanter, began the quest for the Orb.
     0 | D        | Reached XP level 1. HP: 9/9 MP: 4/4
     1 | D        | Noticed Ijyb
    13 | D        | Killed Ijyb
    13 | D        | Reached skill level 6 in Stealth
    13 | D        | Reached XP level 2. HP: 13/13 MP: 5/7
    31 | D        | Learned a level 2 spell: Ensorcelled Hibernation
    31 | D        | Noticed an ogre
    34 | D        | Killed an ogre
    34 | D        | Reached skill level 5 in Short Blades
    34 | D        | Reached skill level 8 in Stealth
    34 | D        | Reached XP level 3. HP: 16/16 MP: 9/12
    34 | D        | Reached XP level 4. HP: 21/21 MP: 11/15
    43 | D        | Noticed Sigmund
    46 | D        | Killed Sigmund
    46 | D        | Reached skill level 5 in Dodging
    46 | D        | Reached skill level 10 in Stealth
    46 | D        | Reached skill level 5 in Hexes
    46 | D        | Reached XP level 5. HP: 24/24 MP: 13/18
    59 | D        | Found a glowing golden altar of the Shining One.
    60 | D        | Noticed a jelly
    61 | D        | Found a deep blue altar of Sif Muna.
    65 | D        | Killed a jelly
    65 | D        | Reached skill level 5 in Spellcasting
    93 | D        | Found Schiahud's Magical Wand Emporium.
    93 | D        | Found a glowing golden altar of the Shining One.
    93 | D        | Found a basalt altar of Yredelemnul.
    93 | D        | Found an iron altar of Okawaru.
    93 | D        | Noticed an elephant slug
   118 | D        | Learned a level 3 spell: Confuse
   141 | D        | Killed an elephant slug
   141 | D        | Reached skill level 11 in Stealth
   141 | D        | Reached XP level 6. HP: 15/28 MP: 6/22
   288 | D        | Found a basalt altar of Yredelemnul.
   290 | D        | Found a white marble altar of Elyvilon.
   310 | D        | Learned a level 6 spell: Invisibility
   310 | D        | Noticed Sonja
   320 | D        | Killed Sonja
   320 | D        | Reached skill level 13 in Stealth
   320 | D        | Reached XP level 7. HP: 28/32 MP: 19/24
   453 | D        | Found Nat Giaw's Antique Armour Boutique.
   462 | D        | Bought an encrusted cloak for 108 gold pieces
   465 | D        | Identified the cursed -4 cloak "Areucott" {rElec rC+} (You bought it in a shop in the Dungeon)
   478 | D        | Noticed a deep troll
   482 | D        | Killed a deep troll
   482 | D        | Reached skill level 10 in Short Blades
   482 | D        | Reached skill level 14 in Stealth
   482 | D        | Reached XP level 8. HP: 36/36 MP: 22/27
   492 | D        | Found Bawkitot's Armour Emporium.
   514 | D        | Noticed a centaur warrior
   515 | D        | Noticed a centaur warrior
   517 | D        | Killed a centaur warrior
   517 | D        | Reached skill level 10 in Dodging
   517 | D        | Reached skill level 15 in Stealth
   518 | D        | Killed a centaur warrior
   518 | D        | Reached skill level 16 in Stealth
   518 | D        | Reached XP level 9. HP: 39/39 MP: 27/29
   533 | D        | Noticed a yellow wasp
   536 | D        | Killed a yellow wasp
   536 | D        | Reached skill level 10 in Hexes
   546 | D        | Noticed an oklob plant
   548 | D        | Killed an oklob plant
   548 | D        | Reached skill level 17 in Stealth
   548 | D        | Reached skill level 10 in Spellcasting
   554 | D        | Noticed a trapdoor spider
   565 | D        | Slain by a trapdoor spider

Action                   |  1- 3 |  4- 6 |  7- 9 || total
-------------------------+-------+-------+-------++-------
Melee: Unarmed           |     9 |       |       ||     9
       Dagger            |     1 |    14 |     5 ||    20
 Cast: Ensorcelled Hiber |       |     6 |    13 ||    19
       Confuse           |       |     3 |       ||     3
  Use: Scroll            |       |       |     1 ||     1
 Stab: Sleeping          |     1 |     4 |     5 ||    10
       Confused          |       |     2 |       ||     2
